 Dungeon Crawl Stone Soup version 0.29.1-13-g9f3cf754e1 (webtiles) character file.

Game seed: 8791372886543434005

1516 Patanouk the Destroyer (level 8, -2/52 HPs)
             Began as an Octopode Conjurer on Jan 21, 2023.
             Slain by a human zombie (5 damage)
             ... in an ossuary.
             The game lasted 00:34:21 (6288 turns).

Patanouk the Destroyer (Octopode Conjurer)          Turns: 6288, Time: 00:34:23

Health: -2/52      AC:  3    Str:  6    XL:     8   Next: 83%
Magic:  17/26      EV: 13    Int: 25    God:
Gold:   283        SH:  0    Dex: 10    Spells: 12/19 levels left

rFire   . . .      SeeInvis +   s - +7 hand axe "Pevic" {vorpal, Contam Fly rC+ Int+2}
rCold   + . .      Faith    .   (no shield)
rNeg    . . .      Spirit   .   o - +2 hat
rPois   .          Reflect  .   (no amulet)
rElec   .          Harm     .   e - ring of magical power
rCorr   .          Rampage  .   A - ring of see invisible
Will    .....                   (no ring)
Stlth   +++.......              (no ring)
HPRegen 0.17/turn               (no ring)
MPRegen 0.20/turn               (no ring)
                                (no ring)
                                (no ring)

@: flying, hasted, very quick
A: almost no armour, amphibious, 8 rings, camouflage 1, gelatinous body 1,
(nimble swimmer 1), tentacles
a: no special abilities


You were in an ossuary.
You visited 1 branch of the dungeon, and saw 6 of its levels.
You also visited: Ossuary.

You collected 283 gold pieces.

Inventory:

Hand Weapons
 s - the +7 hand axe "Pevic" (weapon) {vorpal, Contam Fly rC+ Int+2}
   (You found it on level 3 of the Dungeon)

   It inflicts extra damage upon your enemies.
   Int:       It affects your intelligence (+2).
   rC:        It protects you from cold.
   Fly:       It grants you flight.
   Contam:    It causes magical contamination when unequipped.
Missiles
 v - a throwing net
Armour
 o - a +2 hat (worn)
Jewellery
 e - a ring of magical power (left tentacle)
 t - an amulet of faith
 A - a ring of see invisible (right tentacle)
Wands
 q - a wand of iceblast (13)
Scrolls
 c - a scroll of vulnerability {unknown}
 f - a scroll of butterflies {unknown}
 h - 6 scrolls of identify {unknown}
 i - a scroll of poison {unknown}
 j - 2 scrolls of enchant armour {unknown}
 k - 2 scrolls of fear {unknown}
 l - 3 scrolls of teleportation {unknown}
 u - a scroll of noise {unknown}
 w - a scroll of acquirement {unknown}
 y - 2 scrolls of immolation {unknown}
 z - a scroll of blinking {unknown}
Potions
 a - 2 potions of magic
 b - 2 potions of haste
 d - 2 potions of berserk rage {unknown}
 g - 3 potions of lignification {unknown}
 m - 3 potions of curing {unknown}
 n - a potion of ambrosia {unknown}
 p - 3 potions of heal wounds {unknown}
 r - a potion of flight {unknown}
 x - a potion of degeneration {unknown}


   Skills:
 * Level 3.3 Fighting
 + Level 1.7 Axes
 - Level 2.0 Dodging
 - Level 2.6 Stealth
 * Level 6.3 Spellcasting
 * Level 8.1 Conjurations
 * Level 1.5 Hexes


You had 12 spell levels left.
You knew the following spells:

 Your Spells              Type           Power      Damage    Failure   Level
a - Magic Dart            Conj           100%       1d8       1%          1
b - Searing Ray           Conj           96%        2d7       1%          2
c - Fulminant Prism       Conj/Hex       16%        3d11      10%         4

Your spell library contained the following spells:

 Spells                   Type           Power      Damage    Failure   Level
 Dazzling Flash           Conj/Hex       64%        N/A       3%          3
 Stone Arrow              Conj/Erth      56%        3d10      4%          3
 Sandblast                Erth           14%        2d6       7%          1
 Ensorcelled Hibernation  Hex/Ice        22%        N/A       8%          2
 Passwall                 Tmut/Erth      5%         N/A       11%         2
 Iskenderun's Mystic Bla  Conj/Tloc      28%        2d7       13%         4
 Portal Projectile        Hex/Tloc       22%        N/A       16%         3
 Call Canine Familiar     Summ           7%         N/A       22%         3
 Gell's Gravitas          Tloc           7%         N/A       22%         3
 Spider Form              Tmut/Pois      7%         N/A       22%         3
 Teleport Other           Tloc           7%         N/A       22%         3
 Anguish                  Hex/Necr       5%         N/A       45%         4
 Leda's Liquefaction      Hex/Erth       5%         N/A       45%         4
 Dispersal                Tloc           3%         N/A       100%        6


Dungeon Overview and Level Annotations

Branches:
Dungeon (6/15)            Ossuary (1/1)
 Temple: D:4-7

Altars:
Elyvilon

Annotations:
D:2 exclusion: giant cockroach, Sigmund


Innate Abilities, Weirdness & Mutations

You cannot wear most types of armour.
You are amphibious.
You can wear up to eight rings at the same time.
Your skin changes colour to match your surroundings (Stealth+).
Your rubbery body absorbs attacks. (AC +1, EV +1)
((You are camouflaged when in or above water. (Stealth+)))
You have tentacles for arms and can constrict up to eight enemies at once.


Message History

The elf zombie is moderately damaged.
You completely miss the elf zombie. You grab the elf zombie.
The elf zombie is moderately damaged.
You barely miss the hobgoblin zombie. You hit the human zombie.
You constrict the elf zombie. The hobgoblin zombie misses you.
The human zombie hits you. The elf zombie hits you.
You hit the elf zombie. You squeeze the elf zombie.
The elf zombie is heavily damaged.
You completely miss the hobgoblin zombie.
You hit the human zombie. You constrict the elf zombie.
The hobgoblin zombie barely misses you. The human zombie barely misses you.
The elf zombie closely misses you.
You hit the elf zombie.
The elf zombie is severely damaged.
You barely miss the hobgoblin zombie. You hit the human zombie.
You constrict the elf zombie. The human zombie barely misses you.
The hobgoblin zombie barely misses you. The elf zombie hits you.
Casting: Magic Dart (safe; 1% risk of failure)
Confirm with . or Enter, or press ? or * to list all spells.
Aiming: Magic Dart (safe; 1% risk of failure)
Press: ? - help, Shift-Dir - straight line The magic dart hits the elf zombie!
The elf zombie is severely damaged.
You constrict the elf zombie. The human zombie hits you.
* * * LOW HITPOINT WARNING * * *
The hobgoblin zombie hits you.
* * * LOW HITPOINT WARNING * * *
The elf zombie misses you.
It was a potion of haste.
You feel yourself speed up.
You constrict the elf zombie. The human zombie hits you.
* * * LOW HITPOINT WARNING * * *
The hobgoblin zombie misses you. The elf zombie hits you.
* * * LOW HITPOINT WARNING * * *
You hit the elf zombie. You squeeze the elf zombie.
The elf zombie is almost destroyed.
You hit the hobgoblin zombie.
You destroy the hobgoblin zombie!
You slash the human zombie! You constrict the elf zombie.
The human zombie hits you.
You die...

######################
#...........∩Z........
#............Z@.......
#....M....#####.......
......................
.........Z............
...##...............##
..##...............#
......................
............Z.........
#...................


You could see an elf zombie and a human zombie.

Vanquished Creatures
  A water moccasin (D:6)
  A black bear (D:6)
  3 ogres
  A phantom (D:4)
  A bullfrog (D:6)
  4 scorpions
  3 jellies
  A human zombie (Ossuary)
  2 hounds
  3 orc priests
  2 iguanas
  4 orc wizards
  A mummy (Ossuary)
  5 gnolls
  7 adders
  A shadow imp (D:4)
  A white imp (D:6)
  2 worms
  4 dart slugs
  14 orcs
  8 bats
  11 endoplasms
  4 giant cockroaches
  9 goblins
  9 hobgoblins
  3 jackals (D:1)
  2 quokkas
  7 ball pythons
  6 frilled lizards
  A hobgoblin zombie (Ossuary)
  7 kobolds
  10 rats
  2 rat zombies (Ossuary)
140 creatures vanquished.

Vanquished Creatures (others)
  7 plants (D:4)
7 creatures vanquished.

Grand Total: 147 creatures vanquished

Notes
Turn   | Place    | Note
-------+----------+-------------------------------------------
     0 | D:1      | Patanouk the Octopode Conjurer began the quest for the Orb.
     0 | D:1      | Reached XP level 1. HP: 11/11 MP: 3/3
   401 | D:1      | Reached XP level 2. HP: 17/17 MP: 0/5
   463 | D:1      | Learned a level 2 spell: Searing Ray
  1068 | D:1      | Reached XP level 3. HP: 22/22 MP: 6/6
  1710 | D:2      | Reached skill level 5 in Conjurations
  1710 | D:2      | Reached XP level 4. HP: 21/27 MP: 7/7
  2017 | D:2      | Found a faded altar of an unknown god.
  2104 | D:2      | Learned a level 4 spell: Fulminant Prism
  2149 | D:2      | Noticed Sigmund
  2791 | D:3      | Reached skill level 1 in Fighting
  3167 | D:3      | Reached XP level 5. HP: 33/33 MP: 9/9
  3262 | D:3      | Identified the +7 hand axe "Pevic" {vorpal, Contam Fly rC+
                  | Int+2}
  3411 | D:4      | Noticed an ogre
  3419 | D:4      | Killed an ogre
  3657 | D:4      | Reached skill level 6 in Conjurations
  3657 | D:4      | Reached XP level 6. HP: 38/38 MP: 11/11
  4198 | D:4      | Found a white marble altar of Elyvilon.
  4278 | D:4      | Reached XP level 7. HP: 45/45 MP: 13/13
  4680 | D:5      | Entered Level 5 of the Dungeon
  4998 | D:5      | Reached skill level 7 in Conjurations
  5288 | D:5      | Reached skill level 5 in Spellcasting
  5332 | D:5      | Reached XP level 8. HP: 51/51 MP: 13/15
  5333 | D:5      | Reached skill level 1 in Axes
  6015 | D:6      | Reached skill level 1 in Hexes
  6099 | D:6      | Reached skill level 8 in Conjurations
  6246 | D:6      | Found a sand-covered staircase.
  6255 | Ossuary  | Entered an ossuary
  6287 | Ossuary  | HP: 2/52 [elf zombie (5)]
  6288 | Ossuary  | Slain by a human zombie

Illustrated notes

Levels and vault maps discovered:
D:1:      erik_arrival_triangle_small, layout_basic
D:2:      layout_loops_cross, basic_ecumenical_altar, uniq_sigmund
D:3:      layout_loops_cross
D:4:      layout_rooms, mainiacjoe_overflow_24_doors, glass_columns_c,
          serial_bayou_crossing
D:5:      layout_gridville, serial_park_tiny_1, sigmund_army
D:6:      layout_loops_corners, serial_shops, shop, chequers_ossuary_entry_cave,
          minmay_misc_feat_iff
Ossuary:  ossuary_minmay_tomb_2a

Skill      XL: |  1  2  3  4  5  6  7  8 |
---------------+-------------------------+-----
Conjurations   | 5 6 7 8 |  8.1
Fighting       | 1 2 3 |  3.3
Spellcasting   | 3 4 5 6 |  6.3
Axes           | 1 |  1.7
Hexes          | 1 |  1.5
Dodging        | |  2.0
Stealth        | |  2.6

Action                   |  1- 3 |  4- 6 |  7- 9 || total
-------------------------+-------+-------+-------++-------
Melee: Unarmed           |    35 |     7 |       ||    42
       Tentacles         |     8 |     3 |     3 ||    14
       Constrict         |     7 |     5 |     2 ||    14
       Hand axe          |       |    12 |    15 ||    27
 Cast: Magic Dart        |    55 |    88 |    64 ||   207
       Searing Ray       |     2 |    10 |    16 ||    28
  Use: Potion            |       |       |     1 ||     1
 Stab: Sleeping          |     1 |     1 |       ||     2
Armor: Skin              |     4 |     3 |     5 ||    12
Dodge: Dodged            |    22 |    30 |    36 ||    88
